 Dungeon Crawl Stone Soup version 0.29-a0-284-gf9362112df (webtiles) character file.

Game seed: 17940947296464098956

378 yunder69 the Skirmisher (level 6, -3/57 HPs)
             Began as a Minotaur Berserker on Mar 27, 2022.
             Was a Follower of Trog.
             Slain by a gnoll
             ... wielding a +0 flail
              (11 damage)
             ... on level 4 of the Dungeon.
             The game lasted 00:08:05 (3658 turns).

yunder69 the Skirmisher (Minotaur Berserker)        Turns: 3658, Time: 00:08:05

Health: -3/57      AC:  6    Str: 24    XL:     6   Next: 45%
Magic:  5/5        EV: 12    Int:  4    God:    Trog [*.....]
Gold:   205        SH:  0    Dex:  9    Spells: 5/5 levels left

rFire   + . .      SeeInvis .   q - +0 rapier
rCold   x . .      Faith    .   (no shield)
rNeg    . . .      Spirit   .   c - +0 ring mail
rPois   .          Reflect  .   (helmet restricted)
rElec   .          Harm     .   (no cloak)
rCorr   +          Rampage  .   (no gloves)
Will    .....                   (no boots)
Stlth   ..........              (no amulet)
HPRegen 0.19/turn               o - ring of fire
MPRegen 0.09/turn               r - ring of resist corrosion

@: on berserk cooldown, slowed, very slow
A: horns 2, retaliatory headbutt
a: Renounce Religion, Berserk


You were on level 4 of the Dungeon.
You worshipped Trog.
Trog was aware of your devotion.
You visited 1 branch of the dungeon, and saw 4 of its levels.

You collected 205 gold pieces.

Inventory:

Hand Weapons
 a - a +0 spear
 q - a +0 rapier (weapon)
 w - a +1 mace of protection
Missiles
 j - 5 silver boomerangs (quivered)
 u - 3 poisoned darts
Armour
 c - a +0 ring mail (worn)
Jewellery
 o - a ring of fire (left hand)
 r - a ring of resist corrosion (right hand)
Wands
 v - a wand of acid (8)
Scrolls
 b - 7 scrolls of identify {unknown}
 f - 4 scrolls of amnesia {unknown}
 g - 2 scrolls of noise {unknown}
 h - a scroll of vulnerability {unknown}
 m - 2 scrolls of teleportation {unknown}
 n - a scroll of enchant weapon {unknown}
 p - a scroll of fear {unknown}
 s - a scroll of immolation {unknown}
 t - a scroll of magic mapping {unknown}
 y - a scroll of torment {unknown}
Potions
 d - 2 potions of lignification {unknown}
 e - a potion of mutation {unknown}
 i - a potion of attraction {unknown}
 k - a potion of heal wounds {unknown}
 l - a potion of berserk rage {unknown}
 x - a potion of cancellation {unknown}


   Skills:
 + Level 5.8 Fighting
 - Level 3.6 Polearms
 + Level 5.1 Armour
 + Level 4.7 Dodging


You had 5 spell levels left.
You didn't know any spells.
Your spell library was empty.

Dungeon Overview and Level Annotations

Branches:
Dungeon (4/15)
 Temple: D:4-7

Altars:
Dithmenos
Xom


Innate Abilities, Weirdness & Mutations

You have a pair of horns on your head.
You reflexively headbutt those who attack you in melee.


Message History

Trog accepts your kill.
You are too injured to fight recklessly!
You are too injured to fight recklessly!
The gnoll hits you but does no damage. The gnoll hits you with a +0 halberd.
Items here: ) ? [ †.
You barely miss the gnoll. Your headbutt misses the gnoll.
The gnoll is moderately wounded.
The gnoll hits you from afar with a +0 spear.
* * * LOW HITPOINT WARNING * * *
The gnoll hits you with a +0 halberd.
* * * LOW HITPOINT WARNING * * *
You hit the gnoll. You headbutt the gnoll!
The gnoll is almost dead.
You puncture the gnoll!
You feel the power of Trog in you as your rage grows.
You kill the gnoll!
Trog accepts your kill.
The gnoll hits you from afar with a +0 spear.
* * * LOW HITPOINT WARNING * * *
You puncture the gnoll!
The gnoll is heavily wounded.
The gnoll hits you from afar with a +0 spear.
* * * LOW HITPOINT WARNING * * *
The gnoll hits you with a +0 flail.
* * * LOW HITPOINT WARNING * * *
The gnoll closely misses you.
Okay, then.
You are too berserk!
You are too berserk!
You feel a strong urge to attack something.
You are no longer berserk.
You are exhausted.
You feel yourself slow down.
Your skin stops crawling.
You feel less strong-willed. The gnoll attacks as you move away!
The gnoll hits you with a +0 flail.
* * * LOW HITPOINT WARNING * * *
You hit the gnoll but do no damage. Your headbutt misses the gnoll.
The gnoll is heavily wounded.
The gnoll closely misses you. The gnoll hits you with a +0 flail!
You die...

##...####.#
###...).....#
..........##..#
#####...#.##..####.#
#...#..........#
#...####..######
#.........#
#####.#.####.##
........g@...#
####.#g###### #.#
#g# #g# #g. ...#
.... ....##


You could see 2 gnolls.

Vanquished Creatures
  An ice beast (D:3)
  A scorpion (D:4)
  A gnoll shaman (D:4)
  An orc priest (D:4)
  An orc wizard (D:4)
  2 gnolls
  3 adders
  2 river rats (D:4)
  3 worms
  4 dart slugs
  11 orcs
  A ball python (D:2)
  2 bats (D:3)
  3 endoplasms
  4 giant cockroaches
  5 goblins
  5 hobgoblins
  A quokka (D:3)
  A frilled lizard (D:2)
  6 kobolds
  7 rats
65 creatures vanquished.

Notes
Turn   | Place    | Note
-------+----------+-------------------------------------------
     0 | D:1      | yunder69 the Minotaur Berserker began the quest for the
                  | Orb.
     0 | D:1      | Reached XP level 1. HP: 19/19 MP: 0/0
   221 | D:1      | Reached XP level 2. HP: 27/27 MP: 1/1
   906 | D:2      | Reached XP level 3. HP: 31/33 MP: 2/2
  1298 | D:2      | Found a faded altar of an unknown god.
  1427 | D:3      | Noticed an ice beast
  1438 | D:3      | Killed an ice beast
  1439 | D:3      | Reached XP level 4. HP: 21/41 MP: 3/3
  1671 | D:3      | Reached XP level 5. HP: 47/47 MP: 4/4
  1743 | D:3      | Found a shadowy altar of Dithmenos.
  1756 | D:3      | Found a shimmering altar of Xom.
  1764 | D:3      | Reached skill level 5 in Fighting
  2177 | D:3      | Reached ** piety under Trog
  3231 | D:4      | Reached XP level 6. HP: 40/56 MP: 5/5
  3340 | D:4      | Found a glowing drain.
  3543 | D:4      | Reached skill level 5 in Armour
  3658 | D:4      | Slain by a gnoll

Illustrated notes

Levels and vault maps discovered:
D:1:      roderic_octagonal_star, layout_loops_ring, fountainhead,
          minmay_heptomino_h4
D:2:      layout_loops_ring, shapermc_ecumenical_altar_notcrosses
D:3:      minmay_chambers_of_threes, layout_rooms,
          mainiacjoe_overflow_large_starburst
D:4:      layout_loops_corners, lightli_sewer_entry_pipes

Skill      XL: |  1  2  3  4  5  6 |
---------------+-------------------+-----
Fighting       | 4 5 |  5.8
Armour         | 3 4 5 |  5.1
Dodging        | 3 4 |  4.7
Polearms       | |  3.6

Action                   |  1- 3 |  4- 6 || total
-------------------------+-------+-------++-------
Melee: Spear             |    79 |    13 ||    92
       Headbutt          |    17 |    22 ||    39
       Rapier            |       |   120 ||   120
Invok: Berserk           |     1 |     6 ||     7
       Trog's Hand       |       |     3 ||     3
Armor: Animal skin       |     1 |       ||     1
       Ring mail         |     9 |    39 ||    48
Dodge: Dodged            |    20 |    77 ||    97

Table legend: (Time is in decaauts)
 A = Elapsed time spent in this place.
 B = Non-inter-level travel time spent in this place.
 C = Inter-level travel time spent in this place.
 D = Time resting spent in this place.
 E = Time spent auto-exploring this place.
 F = Levels seen in this place.
 G = Mean time per level.
                   A        B        C        D        E       F      G
               +--------+--------+--------+--------+--------+-----+--------+
         Total |   3752 |   3662 |     90 |    646 |   2493 |   4 |  938.0 |
       Dungeon |   3752 |   3662 |     90 |    646 |   2493 |   4 |  938.0 |
               +--------+--------+--------+--------+--------+-----+--------+

Top non-repeatable levels by time:
     D:3: 1448 daAuts
     D:4: 961 daAuts
     D:1: 713 daAuts
     D:2: 629 daAuts
